 Dungeon Crawl Stone Soup version 0.30.1-11-g7821555f0a (webtiles) character file.

Game seed: 17598617635988295652

95 Wiggles the Chopper (level 4, -11/41 HPs)
             Began as a Minotaur Berserker on Nov 30, 2023.
             Was a Believer of Trog.
             Killed by divine providence
             ... invoked by an orc priest
              (15 damage)
             ... on level 3 of the Dungeon.
             The game lasted 00:02:16 (1354 turns).

Wiggles the Chopper (Minotaur Berserker)            Turns: 1354, Time: 00:02:16

Health: -11/41     AC:  6    Str: 24    XL:     4   Next: 40%
Magic:  3/3        EV: 11    Int:  4    God:    Trog [**....]
Gold:   68         SH:  0    Dex: 15    Spells: 3/3 levels left

rFire   . . .        a - +0 hand axe
rCold   . . .        (no shield)
rNeg    . . .        m - +0 scale mail
rPois   .            (helmet restricted)
rElec   .            (no cloak)
rCorr   +            (no gloves)
SInv    .            (no boots)
Will    .....        (no amulet) Stlth
                     f - ring of resist corrosion
HPRegen 0.26/turn    b - +6 ring of dexterity
MPRegen 0.08/turn

%: no passive effects
@: on berserk cooldown, slowed, very slow
A: horns 2, retaliatory headbutt
a: Renounce Religion, Berserk, Trog's Hand


You were on level 3 of the Dungeon.
You worshipped Trog.
Trog was pleased with you.
You visited 1 branch of the dungeon, and saw 3 of its levels.

You collected 68 gold pieces.

Inventory:

Hand Weapons
 a - a +0 hand axe (weapon)
Armour
 m - a +0 scale mail (worn)
Jewellery
 b - a +6 ring of dexterity (right hand)
 f - a ring of resist corrosion (left hand)
Scrolls
 c - a scroll of enchant armour {unknown}
 e - 3 scrolls of magic mapping {unknown}
 g - a scroll of summoning {unknown}
 j - a scroll of identify {unknown}
 l - a scroll of silence {unknown}
Potions
 d - a potion of heal wounds {unknown}
 h - 3 potions of attraction {unknown}
 i - a potion of haste {unknown}
 k - a potion of flight {unknown}
 n - a potion of lignification {unknown}


   Skills:
 + Level 4.6 Fighting
 + Level 5.0 Axes
 + Level 2.8 Armour
 + Level 2.8 Dodging
 + Level 0.1 Stealth


You had 3 spell levels left.
You didn't know any spells.
Your spell library was empty.

Dungeon Overview and Level Annotations

Branches:
Dungeon (3/15)

Altars:


Innate Abilities, Weirdness & Mutations

You have a pair of horns on your head.
You reflexively headbutt those who attack you in melee.


Message History

Trog accepts your kill.
You hit the orc priest.
The orc priest hits you with a +0 flail.
You hit the orc. Your headbutt misses the orc.
The orc is almost dead.
You completely miss the orc priest.
The orc priest invokes the aid of Beogh against you.
Beogh smites you! The orc hits you but does no damage.
The orc priest hits you with a +0 flail!
The orc hits you but does no damage.
You see here a +0 club.
You feel a strong urge to attack something.
You see here a bat corpse.
You are no longer berserk.
You are exhausted.
You feel yourself slow down. The orc closely misses you.
The orc priest begins to cast a cantrip, but forgets the words!
The hobgoblin hits you but does no damage.
You see here a +0 club.
You hit the orc priest.
The orc priest is moderately wounded.
You hit the orc but do no damage. You hit the hobgoblin.
The hobgoblin barely misses you. The orc hits you with a +0 flail.
* * * LOW HITPOINT WARNING * * *
The orc priest closely misses you. The orc barely misses you.
The hobgoblin barely misses you.
The orc priest calls upon Beogh to heal the orc.
The orc is healed somewhat.
You barely miss the orc priest. Your headbutt misses the orc priest.
The orc priest is moderately wounded.
You hit the hobgoblin.
You kill the hobgoblin!
Trog accepts your kill.
You hit the orc but do no damage. The orc hits you with a +0 flail.
* * * LOW HITPOINT WARNING * * *
Found an amethyst potion.
The orc closely misses you. The orc hits you but does no damage.
The orc priest mumbles some strange prayers to Beogh against you.
Beogh smites you!
You die...

#...)..............#
##...†..............#
.........####.......#
########## #..####..
#..# #..# .# #>.##
...# #..o###.....
###)@o......
#†o....8.. #.).......
#####!.?.! #...# ?..#
..# ..


You could see an orc priest and 2 orcs.

Vanquished Creatures
  4 adders (D:2)
  A worm (D:2)
  A dart slug (D:1)
  2 orcs (D:3)
  5 bats
  4 endoplasms
  4 giant cockroaches
  6 hobgoblins
  4 kobolds
  A quokka (D:1)
  5 ball pythons
  5 frilled lizards
  6 goblins
  2 rats
50 creatures vanquished.

Notes
Turn   | Place    | Note
-------+----------+-------------------------------------------
     0 | D:1      | Wiggles the Minotaur Berserker began the quest for the Orb.
     0 | D:1      | Reached XP level 1. HP: 19/19 MP: 0/0
   207 | D:1      | Reached XP level 2. HP: 27/27 MP: 1/1
   249 | D:1      | Reached skill level 4 in Axes
   610 | D:1      | Reached XP level 3. HP: 30/33 MP: 2/2
   865 | D:2      | Reached ** piety under Trog
   896 | D:2      | Reached XP level 4. HP: 41/41 MP: 3/3
  1342 | D:3      | Reached skill level 5 in Axes
  1354 | D:3      | Killed from afar by an orc priest

Illustrated notes

Levels and vault maps discovered:
D:1:      giann_horns, layout_basic, minmay_indecisive_spiral
D:2:      layout_basic
D:3:      layout_basic, worldfamousw_hep_ancestral_shrine,
          grunt_temple_overflow_open, shapermc_ecumenical_altar_mp_ritualfount,
          grunt_ministairs_6, st_stairs_2

Skill      XL: |  1  2  3  4 |
---------------+-------------+-----
Fighting       | 4 |  4.6
Axes           | 4 5 |  5.0
Armour         | |  2.8
Dodging        | |  2.8
Stealth        | |  0.1

Action                     |  1- 3 |  4- 6 || total
---------------------------+-------+-------++-------
  Melee: Hand axe          |    77 |    27 ||   104
         Headbutt          |     8 |     3 ||    11
         Punch             |     1 |       ||     1
 Invoke: Berserk           |       |     1 ||     1
   Stab: Sleeping          |     1 |       ||     1
 Armour: Animal skin       |    15 |     1 ||    16
         Scale mail        |       |    13 ||    13
  Dodge: Dodged            |    55 |    13 ||    68
